 Dungeon Crawl Stone Soup version 0.21-a0-352-g5b8f553 (webtiles) character file.

346 4thArraOfDagon the Skirmisher (level 6, -2/53 HPs)
             Began as a Gnoll Monk on Oct 10, 2017.
             Was a Believer of Cheibriados.
             Slain by an ice beast (11 damage)
             ... on level 5 of the Dungeon.
             The game lasted 00:04:19 (800 turns).

4thArraOfDagon the Skirmisher (Gnoll Monk)           Turns: 800, Time: 00:04:20

Health: -2/53      AC:  8    Str: 17    XL:     6   Next: 59%
Magic:  9/9        EV: 11    Int: 19    God:    Cheibriados [**....]
Gold:   58         SH:  0    Dex: 21    Spells: 9/9 levels left

rFire    . . .     SeeInvis .   e - +0 war axe
rCold    . . .     Gourm    .   (no shield)
rNeg     . . .     Faith    .   d - +0 chain mail
rPois    .         Spirit   .   (no helmet)
rElec    .         Reflect  .   (no cloak)
rCorr    .         Harm     .   (no gloves)
MR       .....                  (no boots)
Stlth    ..........             (no amulet)
HPRegen  0.17/turn              (no ring)
MPRegen  0.11/turn              (no ring)

@: very slow
A: distributed training, fangs 1, deterioration 1, screaming 1, strong nose
a: Bend Time, Renounce Religion


You were on level 5 of the Dungeon.
You worshipped Cheibriados.
Cheibriados was pleased with you.
You were not hungry.

You visited 2 branches of the dungeon, and saw 6 of its levels.

You collected 58 gold pieces.

Inventory:

Hand Weapons
 a - a +0 hand axe
 e - a +0 war axe (weapon)
Armour
 b - a +0 robe
 d - a +0 chain mail (worn)
Scrolls
 g - a scroll of identify
 i - a scroll of fear
 j - a scroll of recharging {unknown}
 m - 2 scrolls of blinking
Potions
 f - a potion of cancellation
Comestibles
 c - a bread ration
 h - a royal jelly


   Skills:
 + Level 6.8 Fighting
 + Level 2.0 Short Blades
 + Level 2.0 Long Blades
 + Level 6.8 Axes
 + Level 2.0 Maces & Flails
 + Level 2.0 Polearms
 + Level 2.0 Staves
 + Level 2.0 Slings
 + Level 2.0 Bows
 + Level 2.0 Crossbows
 + Level 2.0 Throwing
 + Level 2.0 Armour
 + Level 6.8 Dodging
 + Level 4.6 Stealth
 + Level 2.0 Shields
 + Level 2.0 Unarmed Combat
 + Level 2.0 Spellcasting
 + Level 2.0 Conjurations
 + Level 2.0 Hexes
 + Level 2.0 Charms
 + Level 2.0 Summonings
 + Level 2.0 Necromancy
 + Level 2.0 Translocations
 + Level 2.0 Transmutations
 + Level 2.0 Fire Magic
 + Level 2.0 Ice Magic
 + Level 2.0 Air Magic
 + Level 2.0 Earth Magic
 + Level 2.0 Poison Magic
 + Level 2.0 Invocations
 + Level 2.0 Evocations


You had 9 spell levels left.
You didn't know any spells.

Dungeon Overview and Level Annotations

Branches:
Dungeon (5/15)             Temple (1/1) D:5

Altars:
Ashenzari
Cheibriados
Hepliaklqana
Qazlal
Vehumet
Wu Jian
Xom
Yredelemnul
Zin

Annotations:
D:3 Ijyb
D:4 torrenera's ghost, amateur GnSk


Innate Abilities, Weirdness & Mutations

Your experience applies equally to all skills.
You have very sharp teeth.
Your uncanny sense of smell can sniff out nearby items.
Your body sometimes deteriorates upon taking damage.
You occasionally shout uncontrollably at your foes.


Message History

You feel a little less mighty now. The ice beast barely misses you.
You closely miss the ice beast.
The ice beast is almost dead.
The ice beast closely misses you.
You closely miss the ice beast.
The ice beast is almost dead.
The ice beast hits you but does no damage.
You hit the ice beast but do no damage.
You bite the ice beast, but do no damage.
The ice beast is almost dead.
The ice beast hits you but does no damage.
You closely miss the ice beast.
The ice beast is almost dead.
The ice beast hits you. The ice beast freezes you!
* * * LOW HITPOINT WARNING * * *
The ice beast hits you.
* * * LOW HITPOINT WARNING * * *
The ice beast freezes you!
You die...

*** *#,** **###### ##.*.##
*,,....########.###.##
****##.###................#
***
*,,,........########.....#*
,,***,**##.####.@Y...........#
,,,,,,,,,,,* ##########.....#
*,********** #.....# *,*
###.#.# *,* ##.#.# #.#####*
#..#.## .......# ##.##..###
*,***#.# ##...##)... *,* #.#
##.....####.


You could see an ice beast.

Vanquished Creatures
  A sky beast (D:5)
  A phantom (D:5)
  A centaur (D:5)
  A jelly (D:5)
  A bullfrog skeleton (D:5)
  An adder (D:2)
  An adder skeleton (D:4)
  A ball python (D:1)
  2 giant cockroaches
  3 hobgoblins
  A quokka (D:2)
  2 bats (D:1)
  4 frilled lizards
  6 goblins
  A kobold (D:1)
  2 rats
29 creatures vanquished.

Notes
Turn   | Place    | Note
-------+----------+-------------------------------------------
     0 | D:1      | 4thArraOfDagon the Gnoll Monk began the quest for the Orb.
     0 | D:1      | Reached XP level 1. HP: 23/23 MP: 1/1
    84 | D:1      | Reached XP level 2. HP: 27/29 MP: 2/2
   412 | D:4      | Noticed a phantom
   449 | D:5      | Entered Level 5 of the Dungeon
   456 | D:5      | Reached XP level 3. HP: 31/35 MP: 3/3
   486 | D:5      | Found a staircase to the Ecumenical Temple.
   495 | Temple   | Entered the Ecumenical Temple
   523 | Temple   | Became a worshipper of Cheibriados the Contemplative
   523 | Temple   | Reached * piety under Cheibriados
   523 | Temple   | Reached ** piety under Cheibriados
   647 | D:3      | Noticed Ijyb
   662 | D:4      | Noticed torrenera's ghost (amateur GnSk)
   692 | D:5      | Killed a phantom
   692 | D:5      | Reached skill level 1 in Short Blades
   692 | D:5      | Reached skill level 1 in Long Blades
   692 | D:5      | Reached skill level 1 in Maces & Flails
   692 | D:5      | Reached skill level 1 in Polearms
   692 | D:5      | Reached skill level 1 in Staves
   692 | D:5      | Reached skill level 1 in Slings
   692 | D:5      | Reached skill level 1 in Bows
   692 | D:5      | Reached skill level 1 in Crossbows
   692 | D:5      | Reached skill level 1 in Throwing
   692 | D:5      | Reached skill level 1 in Armour
   692 | D:5      | Reached skill level 1 in Shields
   692 | D:5      | Reached skill level 1 in Unarmed Combat
   692 | D:5      | Reached skill level 1 in Spellcasting
   692 | D:5      | Reached skill level 1 in Conjurations
   692 | D:5      | Reached skill level 1 in Hexes
   692 | D:5      | Reached skill level 1 in Charms
   692 | D:5      | Reached skill level 1 in Summonings
   692 | D:5      | Reached skill level 1 in Necromancy
   692 | D:5      | Reached skill level 1 in Translocations
   692 | D:5      | Reached skill level 1 in Transmutations
   692 | D:5      | Reached skill level 1 in Fire Magic
   692 | D:5      | Reached skill level 1 in Ice Magic
   692 | D:5      | Reached skill level 1 in Air Magic
   692 | D:5      | Reached skill level 1 in Earth Magic
   692 | D:5      | Reached skill level 1 in Poison Magic
   692 | D:5      | Reached skill level 1 in Invocations
   692 | D:5      | Reached skill level 1 in Evocations
   692 | D:5      | Reached XP level 4. HP: 21/41 MP: 3/5
   692 | D:5      | Reached XP level 5. HP: 24/47 MP: 3/6
   735 | D:5      | Noticed a centaur
   745 | D:5      | Killed a centaur
   745 | D:5      | Reached XP level 6. HP: 28/53 MP: 8/8
   747 | D:5      | Found a hazy altar of Hepliaklqana.
   757 | D:5      | Noticed an ice beast
   770 | D:5      | Noticed a sky beast
   774 | D:5      | Killed a sky beast
   777 | D:5      | Gained mutation: You occasionally shout uncontrollably at your foes. [mutagenic meat]
   778 | D:5      | Gained mutation: Your spells are a little easier to cast, but a little less powerful. [mutagenic meat]
   779 | D:5      | Lost mutation: Your spells are a little easier to cast, but a little less powerful. [mutagenic meat]
   780 | D:5      | Gained mutation: Your body sometimes deteriorates upon taking damage. [mutagenic meat]
   800 | D:5      | Slain by an ice beast

Vault maps used:
D:1:      eino_arrival_cavern_a
D:2:      kennysheep_generic_room_11
D:3:      uniq_ijyb
D:4:      first_bread, uniq_robin
D:5:      lemuel_ratsnest, lemuel_round_altar, minmay_temple_entry_poolview
Temple:   regret_index_temple_sphere_string

Skill      XL: |  1  2  3  4  5  6 |
---------------+-------------------+-----
Short Blades   | 1 2 |  2.0
Long Blades    | 1 2 |  2.0
Maces & Flails | 1 2 |  2.0
Polearms       | 1 2 |  2.0
Staves         | 1 2 |  2.0
Slings         | 1 2 |  2.0
Bows           | 1 2 |  2.0
Crossbows      | 1 2 |  2.0
Throwing       | 1 2 |  2.0
Armour         | 1 2 |  2.0
Shields        | 1 2 |  2.0
Unarmed Combat | 1 2 |  2.0
Spellcasting   | 1 2 |  2.0
Conjurations   | 1 2 |  2.0
Hexes          | 1 2 |  2.0
Charms         | 1 2 |  2.0
Summonings     | 1 2 |  2.0
Necromancy     | 1 2 |  2.0
Translocations | 1 2 |  2.0
Transmutations | 1 2 |  2.0
Fire Magic     | 1 2 |  2.0
Ice Magic      | 1 2 |  2.0
Air Magic      | 1 2 |  2.0
Earth Magic    | 1 2 |  2.0
Poison Magic   | 1 2 |  2.0
Invocations    | 1 2 |  2.0
Evocations     | 1 2 |  2.0
Fighting       | |  6.8
Axes           | |  6.8
Dodging        | |  6.8
Stealth        | |  4.6

Action                   |  1- 3 |  4- 6 || total
-------------------------+-------+-------++-------
Melee: Hand axe          |    58 |       ||    58
       Bite              |    13 |     7 ||    20
       War axe           |    28 |    25 ||    53
Invok: Bend Time         |     1 |       ||     1
  Use: Scroll            |     8 |     1 ||     9
       Potion            |     2 |     1 ||     3
  Eat: Chunk             |       |     4 ||     4
Armor: Chain mail        |    57 |    16 ||    73
       Robe              |     1 |       ||     1
Dodge: Dodged            |    61 |    13 ||    74

Table legend:
 A = Spawn XP
 B = Non-spawn XP
 C = Spawn XP percentage of total XP
 D = Spawn monster count
 E = Non-spawn monster count
 F = Spawn count percentage of total count
 G = Total turns spent on level
                    A         B        C        D         E        F      G
               +---------+---------+-------+---------+---------+-------+---------
         Total |       0 |     495 |   0.0 |       0 |      29 |   0.0 |   800
               +---------+---------+-------+---------+---------+-------+---------
           D:1 |       0 |      12 |   0.0 |       0 |       8 |   0.0 |    95
           D:2 |       0 |      20 |   0.0 |       0 |       6 |   0.0 |   165
           D:4 |       0 |      14 |   0.0 |       0 |       6 |   0.0 |   111
           D:5 |       0 |     447 |   0.0 |       0 |       8 |   0.0 |   246
        Temple |       0 |       2 |   0.0 |       0 |       1 |   0.0 |    63
               +---------+---------+-------+---------+---------+-------+---------
